 Dungeon Crawl Stone Soup version 0.30-a0-371-gad7725a93e (webtiles) character file.

Game seed: 13232533035395943385

980 arthad the Insei (level 8, -9/60 HPs)
             Began as a Gnoll Transmuter on Nov 20, 2022.
             Was an Initiate of Gozag.
             Mangled by an ogre
             ... wielding a +0 giant club
              (34 damage)
             ... on level 5 of the Dungeon.
             The game lasted 00:13:57 (3996 turns).

arthad the Insei (Gnoll Transmuter)                 Turns: 3996, Time: 00:13:59

Health: -9/60      AC:  3    Str: 11    XL:     8   Next: 17%
Magic:  17/17      EV: 14    Int: 14    God:    Gozag
Gold:   268        SH:  0    Dex: 12    Spells: 13/19 levels left

rFire   . . .      SeeInvis .      - Unarmed
rCold   . . .      Faith    .    (no shield)
rNeg    . . .      Spirit   .    a - +0 robe
rPois   +          Reflect  .    t - +0 helmet
rElec   .          Harm     .    (no cloak)
rCorr   .          Rampage  .    (no gloves)
Will    .....                    (no boots)
Stlth   ++........               q - amulet of magic regeneration
HPRegen 0.30/turn                m - ring of poison resistance
MPRegen 0.55/turn                (no ring)

@: gold aura
A: fangs 1, strong nose, distributed training
a: Renounce Religion, Potion Petition, Call Merchant, Bribe Branch


You were on level 5 of the Dungeon.
You worshipped Gozag.
Gozag was aware of your devotion.
You visited 2 branches of the dungeon, and saw 6 of its levels.

You collected 319 gold pieces.
You paid 51 gold pieces to Gozag.

Inventory:

Missiles
 e - 6 curare-tipped darts
 o - 3 javelins
 s - a throwing net
Armour
 a - a +0 robe (worn)
 t - a +0 helmet (worn)
Jewellery
 m - a ring of poison resistance (left hand)
 q - an amulet of magic regeneration (around neck)
Wands
 n - a wand of quicksilver (16)
Scrolls
 c - 4 scrolls of identify {unknown}
 d - a scroll of enchant weapon {unknown}
 f - a scroll of magic mapping {unknown}
 g - a scroll of poison {unknown}
 i - 2 scrolls of teleportation {unknown}
 p - 3 scrolls of immolation {unknown}
 u - a scroll of amnesia {unknown}
Potions
 b - a potion of lignification
 h - 3 potions of degeneration {unknown}
 j - a potion of might {unknown}
 k - a potion of flight {unknown}
 l - 2 potions of brilliance {unknown}
 r - a potion of curing {unknown}
 v - a potion of haste {unknown}
 w - a potion of ambrosia {unknown}


   Skills:
 + Level 4.1 Fighting
 + Level 3.1 Short Blades
 + Level 3.1 Long Blades
 + Level 3.1 Axes
 + Level 3.1 Maces & Flails
 + Level 3.1 Polearms
 + Level 3.1 Staves
 + Level 3.1 Ranged Weapons
 + Level 3.1 Throwing
 + Level 3.1 Armour
 + Level 5.6 Dodging
 + Level 3.1 Stealth
 + Level 3.1 Shields
 + Level 7.3 Unarmed Combat
 + Level 6.0 Spellcasting
 + Level 2.5 Conjurations
 + Level 2.5 Hexes
 + Level 2.5 Summonings
 + Level 2.5 Necromancy
 + Level 2.5 Translocations
 + Level 4.6 Transmutations
 + Level 2.5 Fire Magic
 + Level 2.5 Ice Magic
 + Level 2.5 Air Magic
 + Level 2.5 Earth Magic
 + Level 2.5 Poison Magic
 + Level 3.4 Invocations
 + Level 3.1 Evocations


You had 13 spell levels left.
You knew the following spells:

 Your Spells              Type           Power      Damage    Failure   Level
a - Beastly Appendage     Tmut           34%        N/A       2%          1
b - Wereblood             Tmut           17%        N/A       3%          2
c - Spider Form           Tmut/Pois      14%        N/A       11%         3

Your spell library contained the following spells:

 Spells                   Type           Power      Damage    Failure   Level
 Tukima's Dance           Hex            11%        N/A       17%         3
 Ice Form                 Ice/Tmut       14%        N/A       34%         4
 Passage of Golubria      Tloc           11%        N/A       50%         4
 Yara's Violent Unravell  Hex/Tmut       7%         3d5       69%         5


Dungeon Overview and Level Annotations

Branches:
Dungeon (5/15)             Temple (1/1) D:4

Altars:
Ashenzari
Cheibriados
Dithmenos
Elyvilon
Fedhas
Gozag
Kikubaaqudgha
Makhleb
Nemelex Xobeh
Qazlal
Ru
Trog
Uskayaw
Vehumet
Wu Jian
Xom
Yredelemnul
Zin
The Shining One

Shops:
D:4 *


Innate Abilities, Weirdness & Mutations

You have very sharp teeth.
Your uncanny sense of smell can sniff out nearby items.
Your experience applies equally to all skills.


Message History

The necrophage hits you.
You hit the necrophage.
The necrophage is heavily damaged.
The centaur shoots an arrow.
The arrow hits you. The necrophage closely misses you.
The orc wizard hits you but does no damage.
You hit the necrophage.
The necrophage is heavily damaged.
The centaur shoots an arrow.
The arrow barely misses you. The necrophage closely misses you.
The orc wizard closely misses you.
The centaur shoots an arrow.
The arrow closely misses you.
You barely miss the necrophage.
The necrophage is heavily damaged.
The centaur shoots an arrow.
The arrow misses you. The necrophage hits you.
The orc wizard hits you but does no damage.
You hit the necrophage but do no damage.
The necrophage is heavily damaged.
The centaur is distracted by your dazzling golden aura.
The necrophage completely misses you.
The orc wizard points at you and mumbles some strange words.
The magic dart hits you.
The centaur shouts!
You bite the necrophage!
You destroy the necrophage!
You hit the orc wizard.
The orc wizard looks even sicker.
The orc wizard is severely wounded.
Your transformation has ended.
Your +0 helmet unmelds from your body.
Your +0 robe unmelds from your body.
You kill the orc wizard!
Your Spellcasting skill increases to level 6!
You hit the orc.
You kill the orc!
You hit the ogre.
The ogre is lightly wounded.
The centaur is no longer distracted by gold.
The centaur shoots an arrow.
The arrow hits you!
The ogre hits you with a +0 giant club!!
Ouch! That really hurt!
You die...
Your body crumbles into a pile of gold.

##########.# #...# #.#
#...# ##.##### ###
#.....# <.. #####.# $
#.#############.###
###.#.c.....##.......#
#.....$.###........#.#
#.##.##@# ####.#...#.#
# #O# #........# #.#
#.#.###..# ∆ #.#
#..... ..# ..# #.#....
..# ### #.#####.#.#
... .#


You could see an ogre and a centaur.

Vanquished Creatures
  Sigmund (D:4)
  A black bear (D:4)
  Blork the orc (D:4)
  2 necrophages
  A gnoll bouda (D:5)
  2 hounds
  A jelly (D:5)
  Jessica (D:2)
  3 iguanas
  2 orc wizards
  Ijyb (D:3)
  Robin (D:4)
  5 adders
  6 gnolls
  A shadow imp (D:5)
  2 ufetubi
  A worm (D:3)
  10 orcs
  4 ball pythons
  4 bats
  8 endoplasms
  2 giant cockroaches
  13 goblins
  12 hobgoblins
  7 jackals
  3 quokkas
  5 kobolds
  12 rats
112 creatures vanquished.

Vanquished Creatures (others)
  A goblin (D:4)
1 creature vanquished.

Grand Total: 113 creatures vanquished

Notes
Turn   | Place    | Note
-------+----------+-------------------------------------------
     0 | D:1      | arthad the Gnoll Transmuter began the quest for the Orb.
     0 | D:1      | Reached XP level 1. HP: 17/17 MP: 6/6
   220 | D:1      | Reached XP level 2. HP: 23/23 MP: 7/7
   603 | D:1      | Reached skill level 5 in Spellcasting
   603 | D:1      | Reached XP level 3. HP: 28/28 MP: 6/9
   607 | D:1      | Learned a level 2 spell: Wereblood
   611 | D:1      | Learned a level 3 spell: Spider Form
   879 | D:2      | Noticed Jessica
   890 | D:2      | Killed Jessica
   891 | D:2      | Reached skill level 1 in Short Blades
   891 | D:2      | Reached skill level 1 in Long Blades
   891 | D:2      | Reached skill level 1 in Axes
   891 | D:2      | Reached skill level 1 in Maces & Flails
   891 | D:2      | Reached skill level 1 in Polearms
   891 | D:2      | Reached skill level 1 in Staves
   891 | D:2      | Reached skill level 1 in Ranged Weapons
   891 | D:2      | Reached skill level 1 in Throwing
   891 | D:2      | Reached skill level 1 in Armour
   891 | D:2      | Reached skill level 1 in Stealth
   891 | D:2      | Reached skill level 1 in Shields
   891 | D:2      | Reached skill level 1 in Invocations
   891 | D:2      | Reached skill level 1 in Evocations
  1010 | D:2      | Reached XP level 4. HP: 34/34 MP: 11/11
  1196 | D:2      | Reached skill level 1 in Conjurations
  1196 | D:2      | Reached skill level 1 in Hexes
  1196 | D:2      | Reached skill level 1 in Summonings
  1196 | D:2      | Reached skill level 1 in Necromancy
  1196 | D:2      | Reached skill level 1 in Translocations
  1196 | D:2      | Reached skill level 1 in Fire Magic
  1196 | D:2      | Reached skill level 1 in Ice Magic
  1196 | D:2      | Reached skill level 1 in Air Magic
  1196 | D:2      | Reached skill level 1 in Earth Magic
  1196 | D:2      | Reached skill level 1 in Poison Magic
  1520 | D:3      | Found a glowing golden altar of the Shining One.
  1876 | D:3      | Noticed Ijyb
  1893 | D:3      | Killed Ijyb
  1894 | D:3      | Reached XP level 5. HP: 36/40 MP: 8/12
  1894 | D:3      | Found a shadowy altar of Dithmenos.
  2330 | D:4      | Noticed Blork the orc
  2363 | D:4      | Killed Blork the orc
  2364 | D:4      | Reached skill level 5 in Dodging
  2364 | D:4      | Reached XP level 6. HP: 27/47 MP: 7/14
  2454 | D:4      | Found Funtuc's Elemental Accessories.
  2615 | D:4      | Found a staircase to the Ecumenical Temple.
  2620 | D:4      | Noticed Sigmund
  2621 | D:4      | Noticed a black bear
  2642 | D:4      | Killed a black bear
  2643 | D:4      | Reached skill level 7 in Unarmed Combat
  2643 | D:4      | Reached XP level 7. HP: 24/52 MP: 10/15
  2648 | D:4      | Killed Sigmund
  2883 | Temple   | Entered the Ecumenical Temple
  3061 | Temple   | Became a worshipper of Gozag Ym Sagoz the Greedy
  3246 | D:4      | Noticed Robin
  3281 | D:4      | Killed Robin
  3512 | D:5      | Entered Level 5 of the Dungeon
  3835 | D:5      | Reached XP level 8. HP: 51/60 MP: 16/16
  3996 | D:5      | Mangled by an ogre

Illustrated notes

Levels and vault maps discovered:
D:1:      dpeg_arrival_orchard, layout_basic
D:2:      layout_rooms, uniq_jessica
D:3:      layout_basic, tso_metal_star,
          nicolae_dithmenos_through_a_glass_darkly, chequers_decorated_corner,
          uniq_ijyb
D:4:      layout_rooms, minmay_temple_entry_stoned_glass,
          nicolae_elemental_shop, uniq_sigmund, uniq_blork_the_orc, uniq_robin
D:5:      layout_loops_cross
Temple:   bh_familiar_temple

Skill      XL: |  1  2  3  4  5  6  7  8 |
---------------+-------------------------+-----
Spellcasting   | 5 6 |  6.0
Short Blades   | 1 2 3 |  3.1
Long Blades    | 1 2 3 |  3.1
Axes           | 1 2 3 |  3.1
Maces & Flails | 1 2 3 |  3.1
Polearms       | 1 2 3 |  3.1
Staves         | 1 2 3 |  3.1
Ranged Weapons | 1 2 3 |  3.1
Throwing       | 1 2 3 |  3.1
Armour         | 1 2 3 |  3.1
Stealth        | 1 2 3 |  3.1
Shields        | 1 2 3 |  3.1
Invocations    | 1 2 3 |  3.4
Evocations     | 1 2 3 |  3.1
Conjurations   | 1 2 |  2.5
Hexes          | 1 2 |  2.5
Summonings     | 1 2 |  2.5
Necromancy     | 1 2 |  2.5
Translocations | 1 2 |  2.5
Fire Magic     | 1 2 |  2.5
Ice Magic      | 1 2 |  2.5
Air Magic      | 1 2 |  2.5
Earth Magic    | 1 2 |  2.5
Poison Magic   | 1 2 |  2.5
Fighting       | 3 4 |  4.1
Transmutations | 4 |  4.6
Dodging        | 5 |  5.6
Unarmed Combat | 7 |  7.3

Action                   |  1- 3 |  4- 6 |  7- 9 || total
-------------------------+-------+-------+-------++-------
Melee: Unarmed           |    71 |   130 |   110 ||   311
       Kick              |     4 |     6 |       ||    10
       Bite              |     2 |     5 |     3 ||    10
       Headbutt          |     2 |     3 |       ||     5
       Punch             |     1 |     3 |       ||     4
Throw: Javelin           |       |       |     2 ||     2
 Cast: Beastly Appendage |    11 |     4 |       ||    15
       Spider Form       |     1 |     5 |     8 ||    14
       Wereblood         |       |     1 |     1 ||     2
Evoke: Wand              |       |     2 |     2 ||     4
  Use: Potion            |       |       |     1 ||     1
 Stab: Sleeping          |       |     4 |     2 ||     6
       Distracted        |       |       |     1 ||     1
Armor: Robe              |     8 |    12 |     6 ||    26
       Skin              |       |       |     2 ||     2
Dodge: Dodged            |    52 |    86 |   102 ||   240

Table legend: (Time is in decaauts)
 A = Elapsed time spent in this place.
 B = Non-inter-level travel time spent in this place.
 C = Inter-level travel time spent in this place.
 D = Time resting spent in this place.
 E = Time spent auto-exploring this place.
 F = Levels seen in this place.
 G = Mean time per level.
                   A        B        C        D        E       F      G
               +--------+--------+--------+--------+--------+-----+--------+
         Total |   3957 |   3809 |    148 |    344 |   2694 |   6 |  659.5 |
       Dungeon |   3750 |   3645 |    105 |    344 |   2541 |   5 |  750.0 |
        Temple |    206 |    163 |     43 |      0 |    153 |   1 |  206.0 |
               +--------+--------+--------+--------+--------+-----+--------+

Top non-repeatable levels by time:
     D:4: 1082 daAuts
     D:1: 822 daAuts
     D:3: 793 daAuts
     D:2: 576 daAuts
     D:5: 476 daAuts
  Temple: 206 daAuts
